 Dungeon Crawl Stone Soup version 0.17.2-1-ge4368a0 (webtiles) character file.

30 rlgrobin the Insei (level 3, 0/29 HPs)
             Began as a Mummy Monk on Apr 17, 2017.
             Slain by a worm (8 damage)
             ... on level 2 of the Dungeon.
             The game lasted 00:01:24 (1411 turns).

rlgrobin the Insei (Mummy Monk)                     Turns: 1411, Time: 00:01:24

Health: 0/29       AC:  0    Str: 14    XL:     3   Next: 5%
Magic:  3/3        EV: 13    Int:  9    God:
Gold:   47         SH:  0    Dex: 15    Spells: 0 memorised, 2 levels left

rFire  x . .     SeeInvis .       - Unarmed
rCold  + . .     Clarity  .     (no armour)
rNeg   + + +     SustAt   .     (no shield)
rPois  ∞         Gourm    .     (no helmet)
rElec  .         Spirit   .     (no cloak)
rCorr  .         Warding  .     (no gloves)
rMut   .         Stasis   .     (no boots)
MR     .....                    (no amulet)
Stlth  ++........               (no ring)
                                (no ring)

@: not resistant to hostile enchantments, unstealthy
A: no food or potions, fire vulnerability, cold resistance 1, negative energy
resistance 3, torment resistance, unbreathing
a: no special abilities


You were on level 2 of the Dungeon.
You were not hungry.

You visited 1 branch of the dungeon, and saw 2 of its levels.

You collected 47 gold pieces.


Innate Abilities, Weirdness & Mutations

You do not eat or drink.
Your flesh is vulnerable to fire.
You are immune to poison.
Your flesh is cold resistant.
You are immune to negative energy.
You are immune to unholy pain and torment.
You can survive without breathing.


   Skills:
 - Level 3.0 Fighting
 - Level 2.4 Dodging
 - Level 1.5 Stealth
 + Level 4.1 Unarmed Combat


You had 2 spell levels left.
You didn't know any spells.

Inventory:

Scrolls
 a - 2 scrolls of random uselessness {unknown}
 b - 2 scrolls of enchant armour {unknown}
 c - a scroll of identify {unknown}
 d - 3 scrolls of remove curse {unknown}

Dungeon Overview and Level Annotations

Branches:
Dungeon (2/15)

Altars:

▒. ▒. ▒. ▒▒.▒▒ ▒▒▒
...▒ ▒.. ▒.▒▒▒▒▒
▒.▒ ▒.....▒ ▒w▒ .▒
.▒▒▒.▒▒▒.▒ ▒M▒ ▒.▒
.....▒ ▒.▒ ▒.▒ ▒.▒
.▒▒▒.▒▒▒<▒▒▒▒▒▒▒.▒
▒.▒ ▒
▒▒.▒▒.........▒
▒.▒
.▒▒▒.▒▒▒▒▒▒▒▒▒▒▒.▒
▒.▒ ▒.▒†▒▒▒
▒.▒▒▒.▒ ......▒
▒.....▒ ▒.▒▒▒.▒
▒.▒▒▒.▒
▒▒.▒▒.▒▒▒▒▒▒▒
▒.▒▒▒.▒


You could see a worm.


Message History

The worm is almost dead!
The worm bites you!!! * * * don't die
* * * You take 8 damage, and have 11/29 hp!
MASSIVE DAMAGE!!!!!!
You are too injured to fight recklessly!!!
You are too injured to fight recklessly!!!
You are too injured to fight recklessly!!!
You are too injured to fight recklessly!!!
You are too injured to fight recklessly!!!
You are too injured to fight recklessly!!!
You are too injured to fight recklessly!!!
You are too injured to fight recklessly!!!
You are too injured to fight recklessly!!!
You are too injured to fight recklessly!!!
You are too injured to fight recklessly!!!
You are too injured to fight recklessly!!!
You are too injured to fight recklessly!!!
You are too injured to fight recklessly!!!
You are too injured to fight recklessly!!!
You squash the worm like an ant!
The worm is almost dead!
You pulverise the worm but do no damage!
The worm is almost dead!
The worm bites you! * * * don't die
* * * You take 3 damage, and have 8/29 hp!
You barely miss the worm!
The worm is almost dead!
The worm bites you!!! rip

Action                   || total
-------------------------++-------
Melee: Unarmed           ||   116
 Stab: Sleeping          ||     3

Vault maps used:
D:1:      scummos_arrival_forest, lemuel_flame_loot_1
D:2:      grunt_temple_overflow_open, makhleb_heckhound_becter, uniq_natasha

Notes
Turn   | Place    | Note
--------------------------------------------------------------
     0 | D:1      | rlgrobin the Mummy Monk began the quest for the Orb.
     0 | D:1      | Reached XP level 1. HP: 18/18 MP: 1/1
   208 | D:1      | Reached XP level 2. HP: 16/24 MP: 2/2
   702 | D:1      | Reached skill level 4 in Unarmed Combat
  1162 | D:1      | Reached XP level 3. HP: 24/29 MP: 3/3
  1411 | D:2      | Slain by a worm

Vanquished Creatures
  An ooze (D:1)
  A giant gecko (D:1)
  4 bats (D:1)
  5 giant cockroaches (D:1)
  2 hobgoblins
  A ball python (D:1)
  2 giant newts (D:1)
  4 goblins (D:1)
  4 kobolds (D:1)
  A rat (D:1)
25 creatures vanquished.

Vanquished Creatures (others)
  A hobgoblin (D:1)
  A kobold (D:1)
2 creatures vanquished.

Grand Total: 27 creatures vanquished
